 Dungeon Crawl Stone Soup version 0.23-a0-890-gc183402 (webtiles) character file.

Game seed: 1707874343363442139

208606 galech the Severer (level 18, -6/162 HPs)
             Began as a Demonspawn Fighter on Jan 28, 2019.
             Was the Champion of Okawaru.
             Shot with an arrow by a deep elf master archer (7 damage)
             ... on level 3 of the Elven Halls.
             The game lasted 01:10:00 (32389 turns).

galech the Severer (Demonspawn Fighter)            Turns: 32389, Time: 01:10:01

Health: -6/162     AC: 28    Str: 25    XL:     18   Next: 51%
Magic:  0/19       EV: 24    Int: 11    God:    Okawaru [******]
Gold:   3075       SH: 25    Dex: 23    Spells: 17/17 levels left

rFire    + . .     SeeInvis .   N - +9 broad axe of Crusades {chop, Str+3}
rCold    + . .     Gourm    .   Q - +1 large shield {AC+3}
rNeg     . . .     Faith    .   B - +5 steam dragon scales "Fuconna" {rCorr}
rPois    .         Spirit   +   b - +0 helmet "Pif Abba" {rC+ Regen+ rCorr}
rElec    .         Reflect  .   a - +2 cloak
rCorr    +         Harm     .   n - +1 pair of gloves
MR       +....                  (boots unavailable)
Stlth    ++++......             L - amulet "Lutwy" {Regen+ Dex+4}
HPRegen  1.17/turn              T - ring of protection from fire
MPRegen  0.32/turn              J - +4 ring of protection

@: mighty, lethally poisoned (-6 -> -13), heroism
A: hooves 3, powered by pain 2, robust 1, magic shield, magic regeneration,
sturdy frame 2
a: Heroism, Finesse, Renounce Religion


You were on level 3 of the Elven Halls.
You worshipped Okawaru.
Okawaru was exalted by your worship.
You were not hungry.

You visited 5 branches of the dungeon, and saw 27 of its levels.
You visited the Abyss 1 time.
You also visited: Ossuary and Bailey.

You collected 3075 gold pieces.

Inventory:

Hand Weapons
 c - a +4 scimitar of flaming
 N - the +9 broad axe of Crusades (weapon) {chop, Str+3}
   (You found it in a bailey)

   It inflicts extra damage upon your enemies.
   It affects your strength (+3).
 P - the +7 hand axe "Cadif" {drain, rElec rPois Int+4}
   (You found it on level 10 of the Dungeon)

   A truly terrible weapon, it drains the life of those it strikes.
   It affects your intelligence (+4).
   It insulates you from electricity.
   It protects you from poison.
 S - the +7 lajatang of Order {silver, rMut}
   (You found it on level 6 of the Lair of Beasts)

   It protects you from mutation.
Armour
 a - a +2 cloak (worn)
 b - the +0 helmet "Pif Abba" (worn) {rC+ Regen+ rCorr}
   (Okawaru gifted it to you on level 2 of the Lair of Beasts)

   It protects you from cold.
   It increases your rate of regeneration.
   It provides partial protection from all sources of acid and corrosion.
 h - the +1 ring mail "Ceifrun" {rC+ Dex+2}
   (You found it on level 6 of the Dungeon)

   It affects your dexterity (+2).
   It protects you from cold.
 n - a +1 pair of gloves (worn)
 u - a +2 leather armour of fire resistance
 B - the +5 steam dragon scales "Fuconna" (worn) {rCorr}
   (You took it off a deep elf annihilator on level 3 of the Elven Halls)

   It provides partial protection from all sources of acid and corrosion.
 M - a scarf of cloud immunity
 Q - a +1 large shield of protection (worn)
 U - a +0 leather armour of poison resistance
 V - a +3 plate armour of magic resistance
Jewellery
 d - an uncursed ring of poison resistance
 r - an uncursed ring of resist corrosion
 v - a +1 ring of evasion
 x - the ring "Tikiekyo" {rPois rC- rN+++ MR++ Dex+4}
   (You took it off a deep elf annihilator on level 3 of the Elven Halls)

   [ring of dexterity]

   It affects your dexterity (+4).
   It makes you vulnerable to cold.
   It protects you from poison.
   It renders you almost immune to negative energy.
   It affects your resistance to hostile enchantments.
 J - a +4 ring of protection (right hand)
 L - the amulet "Lutwy" (around neck) {Regen+ Dex+4}
   (You found it on level 6 of the Lair of Beasts)

   [amulet of regeneration]

   It affects your dexterity (+4).
   It increases your rate of regeneration.
 T - a ring of protection from fire (left hand)
Scrolls
 i - 5 scrolls of amnesia
 k - 7 scrolls of remove curse
 m - 7 scrolls of teleportation
 q - 4 scrolls of blinking
 s - 4 scrolls of enchant armour
 t - 2 scrolls of fear {unknown}
 w - a scroll of enchant weapon
 y - 9 scrolls of identify
 G - a scroll of acquirement {unknown}
 K - 2 scrolls of fog
 R - a scroll of brand weapon
 W - 2 scrolls of magic mapping
Potions
 e - 5 potions of magic
 g - 2 potions of agility
 l - 6 potions of haste
 o - 12 potions of curing
 p - 7 potions of lignification
 z - 2 potions of brilliance
 A - 4 potions of flight {unknown}
 C - 6 potions of degeneration {unknown}
 E - a potion of invisibility {unknown}
 F - 5 potions of ambrosia {unknown}
 H - 2 potions of cancellation
 I - 3 potions of might
 O - 4 potions of mutation
 X - 2 potions of berserk rage
Comestibles
 f - 41 rations
 j - a chunk of flesh


   Skills:
 + Level 14.8(19.8) Fighting
 + Level 2.9(7.9) Long Blades
 + Level 18.8(23.9) Axes
   Level 2.2(18.1) Polearms
 + Level 4.2(9.5) Staves
 + Level 10.5(15.5) Armour
 + Level 8.8(13.8) Dodging
 + Level 3.4(8.4) Stealth
 + Level 14.3(19.3) Shields
 + Level 2.5 Invocations


You had 17 spell levels left.
You didn't know any spells.
Your spell library contained the following spells:

 Spells                   Type           Power        Failure   Level  Hunger
 Infusion                 Chrm           #...         58%         1    ##.....
 Magic Dart               Conj           #...         58%         1    ##.....
 Summon Small Mammal      Summ           #...         58%         1    ##.....
 Blink                    Tloc           N/A          73%         2    ###....
 Call Imp                 Summ           #.......     73%         2    ###....
 Shroud of Golubria       Chrm/Tloc      #.........   73%         2    ###....
 Slow                     Hex            #.......     73%         2    ###....
 Song of Slaying          Chrm           #.......     73%         2    ###....
 Call Canine Familiar     Summ           #.......     91%         3    ####...
 Conjure Flame            Conj/Fire      #.......     91%         3    ####...
 Mephitic Cloud           Conj/Pois/Air  #.......     91%         3    ####...
 Recall                   Summ/Tloc      N/A          91%         3    ####...
 Regeneration             Chrm/Necr      #.........   91%         3    ####...
 Spectral Weapon          Hex/Chrm       #.......     91%         3    ####...
 Summon Guardian Golem    Hex/Summ       #.......     91%         3    ####...
 Animate Dead             Necr           N/A          100%        4    #####..
 Leda's Liquefaction      Hex/Erth       #.........   100%        4    #####..
 Summon Ice Beast         Ice/Summ       #.......     100%        4    #####..
 Summon Lightning Spire   Summ/Air       #.......     100%        4    #####..
 Bolt of Magma            Conj/Fire/Erth #.........   100%        5    ######.
 Borgnjor's Vile Clutch   Necr/Erth      #.........   100%        5    ######.
 Iskenderun's Battlesphe  Conj/Chrm      #.......     100%        5    ######.
 Venom Bolt               Conj/Pois      #.........   100%        5    ######.
 Death Channel            Necr           #.........   100%        6    #######
 Iron Shot                Conj/Erth      #.........   100%        6    #######
 Simulacrum               Ice/Necr       #.........   100%        6    #######
 Statue Form              Tmut/Erth      #........    100%        6    #######
 Orb of Destruction       Conj           #.........   100%        7    #######
 Spellforged Servitor     Conj/Summ      #.........   100%        7    #######
 Shatter                  Erth           #.........   100%        9    #######


Dungeon Overview and Level Annotations

Branches:
Dungeon (15/15)            Temple (1/1) D:7            Lair (6/6) D:9
 Shoals (0/4) Lair:4        Snake (0/4) Lair:2        Slime (0/5) Lair:5
    Orc (2/2) D:11            Elf (3/3) Orc:2        Vaults (0/5) D:13
 Depths (0/5) D:15

Altars:
Ashenzari
Cheibriados
Dithmenos
Elyvilon
Fedhas
Gozag
Hepliaklqana
Kikubaaqudgha
Makhleb
Nemelex Xobeh
Okawaru
Qazlal
Ru
Sif Muna
Trog
Uskayaw
Vehumet
Wu Jian
Xom
Yredelemnul
Zin
The Shining One
Beogh

Shops:
D:4 =   D:6 (   D:13 *   Orc:2 [[:?[:}?

Portals:
Hell: Lair:6


Innate Abilities, Weirdness & Mutations

You have hooves in place of feet.
You sometimes gain power by taking damage.
You are robust. (+10% HP)
When hurt, damage is shared between your health and your magic reserves.
You regenerate magic rapidly.
Your movements are less encumbered by armour. (ER -4)


Message History

You block the arrow.
Found a short runed staff, a long sword and a glowing hand axe.
You see here an arrow.
You feel very sick.
The deep elf master archer shoots an arrow.
You block the arrow.
Things that are here:
2 arrows; a +1 halberd of venom You barely miss the deep elf master archer.
You feel sick.
The deep elf master archer shoots an arrow.
The arrow completely misses you.
You miss the deep elf master archer. You kick the deep elf master archer!
The deep elf master archer is moderately wounded.
You feel sick.
The deep elf master archer shoots an arrow.
The arrow hits you!!
* * * LOW HITPOINT WARNING * * *
The arrow burns you!
You die...

######................#
#########'####.....#.(.
##8###.......###...#...
######(.........###..##.
#######............##..#.
###8###....##.......##...
######(#...##..#....#...
######)##...##.# ...##..
#####.e@##...#..##...#..
...'..⌠.(#.......#...##.
...##....##.......#...#.
... ##....#####.....8.#.
.. ###.8.## ##.....#( .
##..[ ##....). .##}..
#....#. .##}}.} ##.8.#.
.. |))⌠. #.).#.


You could see a deep elf master archer.

Vanquished Creatures
  A bone dragon (Abyss:3)
  The ghost of Onteab the Crack Shot, an adept CeHu of Okawaru (Elf:2)
  A hellephant (Abyss:3)
  2 deep elf master archers (Elf:3)
  3 deep elf blademasters (Elf:3)
  2 tentacled starspawn (Abyss:3)
  Kirke (D:12)
  A fire giant (D:15)
  5 deep elf sorcerers
  3 deep elf elementalists
  Louise (Elf:1)
  5 large abominations
  6 deep elf annihilators
  3 deep elf demonologists (Elf:3)
  A dire elephant (Lair:6)
  Josephine (D:10)
  Erolcha (Orc:2)
  3 deep elf high priests (Elf:3)
  8 deep elf death magi
  Fannar (Lair:2)
  4 vault guards (D:13)
  2 catoblepae
  6 centaur warriors
  12 hydras
  2 death knights
  5 ogre magi
  Erica (D:10)
  2 two-headed ogres (D:11)
  A tengu warrior (D:15)
  8 death yaks (Lair:6)
  2 thrashing horrors (Abyss:3)
  26 dancing weapons
  An orc high priest (Orc:1)
  2 wretched stars (Abyss:3)
  26 deep elf knights
  A sixfirhy (Lair:6)
  6 skeletal warriors
  6 small abominations
  An unseen horror (D:13)
  2 wizards
  A lindwurm (Lair:2)
  17 deep elf archers
  A wolf spider zombie (D:14)
  3 orc knights
  2 cyclopes (D:14)
  14 ugly things
  A manticore (Lair:5)
  75 deep elf magi
  6 orc sorcerers (Orc:2)
  A merfolk siren (Lair:4)
  4 elephants (Lair:4)
  6 black mambas
  Joseph (D:10)
  2 smoke demons (Abyss:3)
  4 gargoyles
  2 orange demons (Lair:6)
  6 torpor snails (Lair:6)
  A kobold demonologist (D:11)
  2 freezing wraiths
  15 spiny frogs
  3 rime drakes (Lair:6)
  A tormentor (Abyss:3)
  9 komodo dragons
  A hellwing (Lair:6)
  2 ice devils (Lair:6)
  2 ancient zymes (Abyss:3)
  2 polar bears
  6 trolls
  A red devil (Lair:6)
  A queen bee (Lair:3)
  11 slime creatures
  A hornet (shapeshifter) (Elf:2)
  3 hornets
  A dream sheep (Lair:6)
  17 hippogriffs
  5 water elementals
  4 air elementals
  7 starcursed masses (Abyss:3)
  The ghost of Thaneod the Firebug, an amateur DEFE (D:4)
  3 wyverns
  5 hogs (D:12)
  5 wraiths
  A shadow (D:11)
  A vampire (D:14)
  13 basilisks
  40 yaks
  A chaos spawn (Abyss:3)
  2 fire elementals
  A human (D:13)
  Menkaure (D:7)
  2 wargs (Orc:2)
  6 hell hounds
  12 water moccasins
  24 orc warriors
  12 porcupines
  3 phantoms
  3 ice beasts
  4 black bears
  9 sky beasts
  3 boggarts (D:15)
  15 ogres
  5 necrophages
  18 centaurs
  5 wolves (Lair:4)
  13 crocodiles
  20 bullfrogs
  5 big kobolds
  9 gnoll sergeants
  4 earth elementals
  7 scorpions
  A hornet simulacrum (D:15)
  34 killer bees
  21 wights
  9 howler monkeys
  10 crimson imps
  A bullfrog zombie (D:8)
  8 centaur zombies
  A bullfrog skeleton (D:13)
  5 jellies
  7 hounds
  Crazy Yiuf (D:6)
  3 centaur skeletons
  6 gnoll shamans (Bailey)
  19 orc priests
  5 iguanas
  47 orc wizards
  11 worker ants
  A killer bee zombie (D:10)
  4 big kobold zombies (Ossuary)
  A hound zombie (D:7)
  5 mummies (Ossuary)
  A worker ant zombie (D:7)
  25 gnolls
  18 adders
  2 shadow imps
  6 oozes
  An adder zombie (D:8)
  12 leopard geckos
  111 orcs
  3 bats
  4 giant cockroaches
  7 goblins
  9 hobgoblins
  6 jackals
  27 kobolds
  9 quokkas
  3 ball pythons
  A ball python skeleton (D:4)
  6 frilled lizards
  A giant cockroach zombie (D:6)
  3 hobgoblin zombies (Ossuary)
  5 rats
  A crawling corpse (Elf:2)
  5 fungi
  3 plants
  3 starspawn tentacles (Abyss:3)
1132 creatures vanquished.

Vanquished Creatures (others)
  2 deep elf archers (Elf:3)
  A deep elf mage (Elf:1)
  A starcursed mass (Elf:3)
  2 bullfrogs
  An orc wizard (Orc:2)
  An adder (D:6)
  An orc (D:6)
  4 fungi
  6 plants
  5 starspawn tentacles (Abyss:3)
24 creatures vanquished.

Grand Total: 1156 creatures vanquished

Notes
Turn   | Place    | Note
-------+----------+-------------------------------------------
     0 | D:1      | galech the Demonspawn Fighter began the quest for the Orb.
     0 | D:1      | Reached XP level 1. HP: 18/18 MP: 1/1
   143 | D:1      | Gained mutation: When hurt, damage is shared between your
                  | health and your magic reserves. [demonic ancestry]
   143 | D:1      | Reached XP level 2. HP: 24/24 MP: 2/2
   378 | D:1      | Reached skill level 2 in Axes
   728 | D:2      | Gained mutation: You regenerate magic rapidly. [demonic
                  | ancestry]
   728 | D:2      | Reached XP level 3. HP: 27/29 MP: 3/3
  1132 | D:2      | HP: 1/29 [gnoll/+0 flail (5)]
  1633 | D:1      | Gained mutation: You have large cloven feet. [demonic
                  | ancestry]
  1633 | D:1      | Reached XP level 4. HP: 23/35 MP: 2/4
  2096 | D:3      | Reached skill level 3 in Axes
  2603 | D:3      | Reached skill level 1 in Dodging
  2603 | D:3      | Reached XP level 5. HP: 34/41 MP: 3/5
  2802 | D:3      | Reached skill level 4 in Axes
  2802 | D:3      | Gained mutation: Your movements are slightly less
                  | encumbered by armour. (ER -2) [demonic ancestry]
  2802 | D:3      | Reached XP level 6. HP: 12/47 MP: 2/6
  3486 | D:4      | Found a runed translucent door.
  3505 | D:4      | Noticed Thaneod's ghost (amateur DEFE)
  3522 | D:4      | Found Goudwe's Jewellery Boutique.
  3871 | D:5      | Entered Level 5 of the Dungeon
  4128 | D:5      | Reached skill level 5 in Axes
  4128 | D:5      | Gained mutation: You sometimes gain a little power by
                  | taking damage. [demonic ancestry]
  4128 | D:5      | Reached XP level 7. HP: 36/53 MP: 5/7
  4146 | D:5      | Found a sand-covered staircase.
  4165 | Ossuary  | Entered an ossuary
  4629 | D:5      | Reached skill level 6 in Axes
  4746 | D:5      | Reached XP level 8. HP: 61/61 MP: 8/8
  5230 | D:5      | Found a shattered altar of Ashenzari.
  5308 | D:5      | Reached skill level 7 in Axes
  5720 | D:6      | Reached skill level 5 in Fighting
  6155 | D:6      | Reached skill level 1 in Stealth
  6344 | D:6      | Reached XP level 9. HP: 28/67 MP: 5/9
  6675 | D:6      | Found Obugruq's Weapon Shoppe.
  6678 | D:6      | Got a spiked ring mail
  6689 | D:6      | Identified the +1 ring mail "Ceifrun" {rC+ Dex+2} (You
                  | found it on level 6 of the Dungeon)
  6729 | D:6      | Found a runed translucent door.
  6730 | D:6      | Noticed Crazy Yiuf
  6766 | D:6      | Reached skill level 8 in Axes
  6996 | D:6      | HP: 3/67 [black bear (5)]
  7497 | D:7      | Noticed Menkaure
  7903 | D:7      | Killed Menkaure
  8044 | D:7      | Reached skill level 5 in Shields
  8656 | D:7      | Found a blossoming altar of Fedhas.
  8892 | D:7      | Found a staircase to the Ecumenical Temple.
  8908 | Temple   | Entered the Ecumenical Temple
  8986 | Temple   | Became a worshipper of Warmaster Okawaru
  9451 | D:8      | Reached skill level 9 in Axes
  9713 | D:8      | Reached * piety under Okawaru
  9713 | D:8      | Gained mutation: You have hoof-like feet. [demonic
                  | ancestry]
  9713 | D:8      | Reached XP level 10. HP: 60/75 MP: 8/10
  9732 | D:8      | Paralysed by a hornet for 3 turns
 10279 | D:8      | Found a burning altar of Makhleb.
 10286 | D:8      | Found a sparkling altar of Nemelex Xobeh.
 10316 | D:8      | Found a shadowy altar of Dithmenos.
 10427 | D:8      | Found a hide-covered altar of Uskayaw.
 10565 | D:6      | Reached skill level 5 in Dodging
 10625 | D:6      | Killed Crazy Yiuf
 10847 | D:4      | Killed Thaneod's ghost
 10935 | D:9      | Found a flagged portal.
 10941 | D:9      | Got a dazzling spear
 10942 | D:9      | Identified the +9 spear "Eklaerghi" {pierce, Dex+4} (You
                  | found it on level 9 of the Dungeon)
 10957 | Bailey   | Entered a bailey
 11043 | Bailey   | Reached skill level 10 in Axes
 11154 | Bailey   | Reached skill level 1 in Polearms
 11166 | Bailey   | Reached ** piety under Okawaru
 11285 | Bailey   | Identified the +7 fustibalus of Cataclysm {velocity, rPois
                  | rF- Int+6}
 11447 | Bailey   | Got a fine broad axe
 11448 | Bailey   | Identified the +9 broad axe of Crusades {chop, Str+3} (You
                  | found it in a bailey)
 11817 | D:9      | Reached skill level 5 in Armour
 11854 | D:9      | Found a staircase to the Lair.
 12002 | D:9      | Found a glowing silver altar of Zin.
 12241 | D:10     | Entered Level 10 of the Dungeon
 12253 | D:10     | Noticed a gargoyle
 12259 | D:10     | Killed a gargoyle
 12445 | D:10     | Noticed Erica
 12456 | D:10     | Killed Erica
 12456 | D:10     | Reached *** piety under Okawaru
 12456 | D:10     | Gained mutation: You sometimes gain power by taking damage.
                  | [demonic ancestry]
 12456 | D:10     | Reached XP level 11. HP: 62/84 MP: 7/11
 12622 | D:10     | Reached **** piety under Okawaru
 12632 | D:10     | Noticed a green ugly thing
 12638 | D:10     | Killed a green ugly thing
 13003 | D:10     | Got a polished hand axe
 13004 | D:10     | Identified the +7 hand axe "Cadif" {drain, rElec rPois
                  | Int+4} (You found it on level 10 of the Dungeon)
 13079 | D:10     | Noticed Josephine
 13090 | D:10     | Killed Josephine
 13097 | D:10     | Reached skill level 11 in Axes
 13332 | D:10     | Reached ***** piety under Okawaru
 13562 | D:10     | Noticed Joseph
 13571 | D:10     | Killed Joseph
 13597 | D:11     | Found a staircase to the Orcish Mines.
 13778 | D:11     | Noticed a two-headed ogre
 13783 | D:11     | Killed a two-headed ogre
 13783 | D:11     | Reached skill level 12 in Axes
 13855 | D:11     | Noticed a two-headed ogre
 13860 | D:11     | Killed a two-headed ogre
 13954 | D:11     | Received a gift from Okawaru
 13954 | D:11     | Reached XP level 12. HP: 93/93 MP: 12/12
 13975 | D:11     | Paralysed by a kobold demonologist for 7 turns
 13993 | D:11     | Paralysed by a kobold demonologist for 5 turns
 14197 | Orc:1    | Entered Level 1 of the Orcish Mines
 14391 | Orc:2    | Entered Level 2 of the Orcish Mines
 14679 | Orc:2    | Found Cywihiud's Armour Shop.
 14690 | Orc:2    | Found Sapyatt's Antique Armour Shoppe.
 14720 | Orc:2    | Noticed an orc high priest
 14796 | Orc:1    | Killed an orc high priest
 14837 | Orc:2    | Noticed an ogre mage
 14841 | Orc:2    | Noticed an ogre mage
 14852 | Orc:1    | Killed an ogre mage
 14852 | Orc:1    | Received a gift from Okawaru
 15032 | Orc:1    | Reached skill level 13 in Axes
 15033 | Orc:1    | Killed an ogre mage
 15351 | Orc:2    | Noticed an ogre mage
 15516 | Orc:2    | Killed an ogre mage
 15516 | Orc:2    | Reached skill level 1 in Invocations
 15643 | Orc:2    | Found a staircase to the Elven Halls.
 15657 | Orc:2    | Found Apuottiz's Magic Scroll Boutique.
 15688 | Orc:2    | Found Ruyhuz's Gadget Shop.
 15785 | Orc:2    | Noticed an ogre mage
 15791 | Orc:2    | Killed an ogre mage
 15828 | Orc:2    | Found Calaluic's Book Boutique.
 15867 | Orc:2    | Found an ancient bone altar of Kikubaaqudgha.
 15912 | Orc:2    | Noticed Erolcha
 15934 | Orc:2    | Killed Erolcha
 15934 | Orc:2    | Received a gift from Okawaru
 15976 | Orc:2    | Found a radiant altar of Vehumet.
 16037 | Orc:2    | Found a roughly hewn altar of Beogh.
 16037 | Orc:2    | Found Lenoudgh's Antique Armour Boutique.
 16071 | Orc:2    | Found Mira's Book Shop.
 16077 | Orc:2    | Found Massiviy's Magic Scroll Shop.
 16426 | Orc:2    | Reached XP level 13. HP: 99/101 MP: 13/13
 17573 | D:12     | Noticed Kirke
 17642 | Lair:1   | Entered Level 1 of the Lair of Beasts
 18337 | Lair:2   | Noticed Fannar
 18359 | Lair:2   | Killed Fannar
 18470 | Lair:2   | Reached skill level 14 in Axes
 18532 | Lair:2   | Found a staircase to the Snake Pit.
 19001 | Lair:2   | Reached ****** piety under Okawaru
 19078 | Lair:2   | You fall through a shaft for 2 floors!
 19164 | Lair:4   | Reached skill level 10 in Fighting
 19496 | Lair:2   | Received a gift from Okawaru
 19530 | Lair:2   | Got a crude helmet {god gift}
 19542 | Lair:2   | Identified the +0 helmet "Pif Abba" {rC+ Regen+ rCorr}
                  | (Okawaru gifted it to you on level 2 of the Lair of Beasts)
 19575 | Lair:2   | Found the +6 lightning scales {run, rElec}
 20543 | Lair:3   | Reached skill level 1 in Long Blades
 20693 | Lair:4   | Reached skill level 10 in Shields
 20770 | Lair:4   | Gained mutation: Your movements are less encumbered by
                  | armour. (ER -4) [demonic ancestry]
 20770 | Lair:4   | Reached XP level 14. HP: 108/111 MP: 14/14
 20847 | Lair:4   | Found a staircase to the Shoals.
 21307 | Lair:4   | Received a gift from Okawaru
 21725 | Lair:5   | Reached skill level 15 in Axes
 21761 | Lair:5   | Found a staircase to the Slime Pits.
 21935 | Lair:5   | Found a shimmering altar of Xom.
 22622 | Lair:6   | Entered Level 6 of the Lair of Beasts
 22840 | Lair:6   | Found the +7 lajatang of Order {silver, rMut}
 23306 | Lair:6   | Received a gift from Okawaru
 23346 | Lair:6   | Reached skill level 1 in Staves
 23441 | Lair:6   | Found a snail-covered altar of Cheibriados.
 23955 | Lair:6   | Found a burning altar of Makhleb.
 24173 | Lair:6   | Found a gateway to Hell.
 24181 | Lair:6   | Got a bound ruby amulet
 24183 | Lair:6   | Identified the amulet "Lutwy" {Regen+ Dex+4} (You found it
                  | on level 6 of the Lair of Beasts)
 24330 | Lair:6   | Reached XP level 15. HP: 92/119 MP: 13/15
 24855 | D:12     | Killed Kirke
 24855 | D:12     | Received a gift from Okawaru
 25635 | D:13     | Reached skill level 16 in Axes
 25697 | D:13     | Found a gate to the Vaults.
 25781 | D:13     | Received a gift from Okawaru
 25865 | D:13     | Found Jucsaryx's Assorted Antiques.
 26252 | D:14     | You fall through a shaft!
 26252 | D:15     | Entered Level 15 of the Dungeon
 26416 | D:15     | Found a staircase to the Depths.
 26417 | D:15     | Noticed a fire giant
 26556 | D:15     | Received a gift from Okawaru
 26561 | D:15     | Got a dull robe {god gift}
 26572 | D:15     | Identified the +0 robe of Complete Protection {rElec
                  | Regen+} (Okawaru gifted it to you on level 15 of the
                  | Dungeon)
 27442 | D:15     | Gained mutation: You have hooves in place of feet. [demonic
                  | ancestry]
 27442 | D:15     | Reached XP level 16. HP: 118/128 MP: 15/17
 28014 | Elf:1    | Entered Level 1 of the Elven Halls
 28463 | Elf:1    | Received a gift from Okawaru
 28471 | Elf:1    | Reached skill level 17 in Axes
 28764 | Elf:1    | Noticed Louise
 28781 | Elf:1    | Killed Louise
 29023 | Elf:2    | Received a gift from Okawaru
 29408 | Elf:2    | Found a runed translucent door.
 29408 | Elf:2    | Found a shimmering altar of Xom.
 29408 | Elf:2    | Noticed Onteab's ghost (adept CeHu)
 29452 | Elf:2    | Killed Onteab's ghost
 29457 | Elf:2    | Got an ichor-stained ring mail
 29468 | Elf:2    | Identified the +1 ring mail of Owiurch {Stlth+} (You found
                  | it on level 2 of the Elven Halls)
 29597 | Elf:2    | Found a huge runed translucent gate.
 29597 | Elf:2    | Found a huge runed translucent gate.
 29598 | Elf:2    | Found a huge runed translucent gate.
 29693 | Elf:2    | Found a huge runed translucent gate.
 29693 | Elf:2    | Found a huge runed translucent gate.
 29716 | Elf:2    | Received a gift from Okawaru
 29853 | Elf:2    | Reached XP level 17. HP: 79/137 MP: 14/18
 29886 | Elf:2    | Received a gift from Okawaru
 30151 | Elf:3    | Entered Level 3 of the Elven Halls
 30240 | Elf:2    | Reached skill level 18 in Axes
 30521 | Elf:2    | Received a gift from Okawaru
 30530 | Elf:2    | Got a warped ring mail {god gift}
 30541 | Elf:2    | Identified the +2 ring mail of Goanit {MR+} (Okawaru gifted
                  | it to you on level 2 of the Elven Halls)
 30693 | Elf:2    | Reached skill level 10 in Armour
 31095 | Elf:3    | Cast into level 3 of the Abyss (a deep elf sorcerer)
 31105 | Abyss:3  | Noticed a hellephant
 31136 | Abyss:3  | Killed a hellephant
 31229 | Abyss:3  | Noticed a bone dragon
 31252 | Abyss:3  | Killed a bone dragon
 31270 | Abyss:3  | Received a gift from Okawaru
 31368 | Abyss:3  | Gained mutation: You are robust. (+10% HP) [demonic
                  | ancestry]
 31368 | Abyss:3  | Reached XP level 18. HP: 130/160 MP: 19/19
 31372 | Abyss:3  | Received a gift from Okawaru
 31378 | Abyss:3  | Paralysed by accursed screaming for 1 turns
 31385 | Abyss:3  | Paralysed by accursed screaming for 2 turns
 31390 | Elf:3    | Escaped the Abyss
 31390 | Elf:3    | HP: 6/160 [deep elf sorcerer/damnation (32)]
 31986 | Elf:3    | Received a gift from Okawaru
 32215 | Elf:3    | Identified the +5 steam dragon scales "Fuconna" {rCorr}
 32215 | Elf:3    | Identified the ring "Tikiekyo" {rPois rC- rN+++ MR++ Dex+4}
 32389 | Elf:3    | HP: 1/162 [deep elf master archer/arrow (27)]
 32389 | Elf:3    | Shot with an arrow by a deep elf master archer

Vault maps used:
D:1:      onia_arrival_handbag, corexii_leaking_fountain
D:2:      cheibrodos_helix_gallery, minmay_circle_x
D:3:      minmay_unequal
D:4:      serial_shops, shop, ebering_ghost_sewer_d
D:5:      minmay_thinvault, first_ration, nicolae_ossuary_entry_false_entrances,
          evilmike_ruin_ashenzari
D:6:      serial_shops, shop_fountains, nrook_mini_backslash,
          lemuel_old_faithful, uniq_crazy_yiuf_cottage
D:7:      nicolae_overflow_hidden_temple, minmay_temple_entry_antechambers,
          uniq_menkaure
D:8:      grunt_temple_overflow_cloverleaf, kennysheep_generic_room_2
D:9:      marbit_many_paths, dpeg_oklobed_lair, enter_bailey_2,
          blue_anna_alchemist
D:10:     grunt_potential, uniq_josephine, uniq_erica, uniq_joseph
D:12:     uniq_kirke
D:13:     grunt_vaults_entry_fortified, serial_shops, nicolae_shop_waterfront
D:14:     ebering_dispersal_statue_hall
D:15:     grunt_enter_depths_giant_problem, minivault_27, lemuel_flamethrower_2
Temple:   regret_index_temple_sphere_string
Lair:2:   cheibrodos_lair_overgrown_chateau, minivault_19, ldierk_geyser,
          uniq_fannar
Lair:4:   minmay_shoals_entry_lonely_mermaid, roderic_carrion_pond
Lair:5:   nicolae_slime_entry_slimehenge, basic_altar, special_room
Lair:6:   evil_forest, kennysheep_snail_temple
Orc:1:    nicolae_orc_rockfall
Orc:2:    kennysheep_orc_mage_school, serial_shops, shop, shop, shop,
          nicolae_shop_statue_plus
Elf:1:    minmay_elf_arrival_circle, minmay_elf_crystal_heptagon, uniq_louise
Elf:2:    ebering_ghost_xom
Elf:3:    minmay_elf_hall_statues
Abyss:3:  abyss_exit_lava, nicolae_abyss_rune_star_stuff
Ossuary:  ossuary_the_hunt_dpeg
Bailey:   bailey_polearm_gnolls_kennysheep, bailey

Skill      XL: |  1  2  3  4  5  6  7  8  9 10 11 12 13 14 15 16 17 18 |
---------------+-------------------------------------------------------+-----
Armour         | 3 4 5 6 7 8 9 10 | 10.5
Axes           | 2 3 4 5 6 7 9 10 12 13 14 15 16 17 18 | 18.8
Shields        | 3 4 5 6 7 8 10 11 12 13 14 | 14.3
Dodging        | 1 2 3 4 5 6 7 8 |  8.8
Fighting       | 4 5 6 7 8 9 10 11 12 13 14 | 14.8
Stealth        | 1 2 3 |  3.4
Polearms       | 2 |  2.2
Invocations    | 1 2 |  2.5
Long Blades    | 1 2 |  2.9
Staves         | 4 |  4.2

Action                   |  1- 3 |  4- 6 |  7- 9 | 10-12 | 13-15 | 16-18 || total
-------------------------+-------+-------+-------+-------+-------+-------++-------
Melee: War axe           |   121 |   212 |   429 |    87 |       |       ||   849
       Kick              |       |    65 |   147 |   186 |   487 |   371 ||  1256
       Spear             |       |       |       |   151 |       |       ||   151
       Broad axe         |       |       |       |   466 |  1040 |   826 ||  2332
       Scimitar          |       |       |       |       |    73 |     4 ||    77
       Lajatang          |       |       |       |       |   116 |       ||   116
Invok: Heroism           |       |       |       |     9 |     7 |    11 ||    27
  Use: Scroll            |       |     6 |     7 |     4 |    11 |       ||    28
       Potion            |       |       |     2 |     3 |       |     5 ||    10
 Stab: Distracted        |       |       |       |       |       |     1 ||     1
       Invisible         |       |       |       |       |       |     1 ||     1
  Eat: Chunk             |     2 |     8 |    12 |    23 |    42 |    17 ||   104
       Ration            |       |       |     2 |       |       |       ||     2
Armor: Scale mail        |    69 |    99 |       |       |       |       ||   168
       Leather armour    |       |    21 |    61 |       |       |       ||    82
       Ring mail         |       |       |    67 |    34 |       |       ||   101
       Chain mail        |       |       |       |   221 |   670 |    36 ||   927
       Plate armour      |       |       |       |       |       |   191 ||   191
       Steam dragon scal |       |       |       |       |       |    13 ||    13
Dodge: Dodged            |    33 |    71 |   207 |   245 |   423 |   206 ||  1185
Block: Shield            |    60 |    92 |   240 |   128 |       |       ||   520
       Large shield      |       |       |       |   340 |   935 |   642 ||  1917
       Rpst.: Scimitar   |       |       |       |       |     1 |       ||     1

Table legend:
 A = Non-vault XP
 B = Vault XP
 C = Vault XP percentage of total XP
 D = Non-vault monster count
 E = Vault monster count
 F = Vault count percentage of total count
                 A         B        C        D         E       F
            +---------+---------+-------+---------+---------+-------
      Total |  196615 |  137400 |  41.1 |     796 |     328 |  29.2
            +---------+---------+-------+---------+---------+-------
        D:1 |      66 |      11 |  14.3 |      17 |       4 |  19.0
        D:2 |      30 |      11 |  26.8 |      16 |       6 |  27.3
        D:3 |     257 |       5 |   1.9 |      18 |       3 |  14.3
        D:4 |     274 |     332 |  54.8 |      22 |       4 |  15.4
        D:5 |     701 |     372 |  34.7 |      26 |      11 |  29.7
        D:6 |    1700 |      41 |   2.4 |      43 |       1 |   2.3
        D:7 |    1127 |     172 |  13.2 |      28 |       1 |   3.4
        D:8 |    2035 |      98 |   4.6 |      40 |       3 |   7.0
        D:9 |    1360 |     224 |  14.1 |      14 |       2 |  12.5
       D:10 |    2663 |    4125 |  60.8 |      34 |      19 |  35.8
       D:11 |    6799 |       0 |   0.0 |      44 |       0 |   0.0
       D:12 |    4678 |    3167 |  40.4 |      24 |       6 |  20.0
       D:13 |    9362 |    7639 |  44.9 |      35 |      10 |  22.2
       D:14 |   10172 |       0 |   0.0 |      27 |       0 |   0.0
       D:15 |   15718 |    1952 |  11.0 |      36 |       1 |   2.7
     Lair:1 |    2059 |       0 |   0.0 |      10 |       0 |   0.0
     Lair:2 |    6655 |    4868 |  42.2 |      25 |      16 |  39.0
     Lair:3 |    2940 |    1730 |  37.0 |      10 |      24 |  70.6
     Lair:4 |    6897 |    1244 |  15.3 |      28 |       6 |  17.6
     Lair:5 |    6850 |    5670 |  45.3 |      20 |      23 |  53.5
     Lair:6 |   12293 |   12811 |  51.0 |      27 |      32 |  54.2
      Orc:1 |    4347 |    1829 |  29.6 |      56 |       3 |   5.1
      Orc:2 |    7112 |    8481 |  54.4 |      51 |      34 |  40.0
      Elf:1 |   11358 |    7967 |  41.2 |      23 |      12 |  34.3
      Elf:2 |   30101 |   35112 |  53.8 |      48 |      37 |  43.5
      Elf:3 |   32915 |   33596 |  50.5 |      49 |      21 |  30.0
    Abyss:3 |   16146 |    4469 |  21.7 |      25 |       5 |  16.7
    Ossuary |       0 |     275 | 100.0 |       0 |      14 | 100.0
     Bailey |       0 |    1199 | 100.0 |       0 |      30 | 100.0
            +---------+---------+-------+---------+---------+-------
